MID
WEST MICHIGAN WHITECAPS @ GREENVILLE DRIVE
09/11/2046
 
TOP OF THE 1ST
West Michigan Whitecaps batting - Pitching for Greenville Drive : RHP Cody Humphries
Pitching: RHP Cody Humphries
Batting: RHB Mike Sebastian 0-0: Called Strike
0-1: Ball
1-1: Ball
2-1: Foul Ball, location: 2F
2-2: Strikes out swinging
Batting: RHB Tony Nunez 0-0: Called Strike
0-1: Foul Ball, location: 2F
0-2: Fly out, F8 (Flyball, 8RD, EV 91.2 MPH)
Batting: RHB Jon Goldstein 0-0: Ball
1-0: Ball
2-0: Ball
3-0: Called Strike
3-1: Called Strike
3-2: Ground out 5-3 (Groundball, 56, EV 86.2 MPH)
Top of the 1st over - 0 runs, 0 hits, 0 errors, 0 left on base; West Michigan 0 - Greenville 0
BOTTOM OF THE 1ST
Greenville Drive batting - Pitching for West Michigan Whitecaps : RHP Eddie Hodgson
Pitching: RHP Eddie Hodgson
Batting: LHB Nelis Geurts 0-0: Ball
1-0: Ball
2-0: Ground out 5-3 (Groundball, 5S, EV 80.0 MPH)
Batting: RHB David Norum 0-0: Ball
1-0: Ground out 5-3 (Groundball, 56S, EV 83.1 MPH)
Batting: RHB Larry Brocato 0-0: SINGLE (Groundball, 56S, EV 68.1 MPH) (infield hit)
Batting: SHB Carter Cromsie 0-0: Ball
1-0: Ball
Larry Brocato is caught stealing 2nd base 2-6
Bottom of the 1st over - 0 runs, 1 hit, 0 errors, 0 left on base; West Michigan 0 - Greenville 0
TOP OF THE 2ND
West Michigan Whitecaps batting - Pitching for Greenville Drive : RHP Cody Humphries
Batting: LHB George Moran 0-0: Called Strike
0-1: Called Strike
0-2: Strikes out swinging
Batting: SHB Willie Medina 0-0: Called Strike
0-1: Foul Ball, location: 2F
0-2: Ball
1-2: Ball
2-2: Fly out, F8 (Flyball, 8RM, EV 90.0 MPH)
Batting: LHB Brad Gaskill 0-0: Ball
1-0: Ball
2-0: Called Strike
2-1: Ball
3-1: Base on Balls
Batting: LHB Dave Carlisle 0-0: Called Strike
0-1: Swinging Strike
0-2: Ball
1-2: Strikes out swinging
Top of the 2nd over - 0 runs, 0 hits, 0 errors, 1 left on base; West Michigan 0 - Greenville 0
BOTTOM OF THE 2ND
Greenville Drive batting - Pitching for West Michigan Whitecaps : RHP Eddie Hodgson
Batting: SHB Carter Cromsie 0-0: Called Strike
0-1: Ball
1-1: Called Strike
1-2: Foul Ball, location: 2F
1-2: Ball
2-2: Foul Ball, location: 2F
2-2: Fly out, F7 (Flyball, 7, EV 71.9 MPH)
Batting: RHB Andy Garvin 0-0: Swinging Strike
0-1: Swinging Strike
0-2: Strikes out swinging
Batting: RHB Joe Sandoval 0-0: Called Strike
0-1: SINGLE (Groundball, 56D, EV 103.8 MPH)
Batting: RHB Josh Helman 0-0: Ball
1-0: Called Strike
1-1: Called Strike
1-2: Strikes out swinging
Bottom of the 2nd over - 0 runs, 1 hit, 0 errors, 1 left on base; West Michigan 0 - Greenville 0
TOP OF THE 3RD
West Michigan Whitecaps batting - Pitching for Greenville Drive : RHP Cody Humphries
Batting: LHB Steve Herrera 0-0: Called Strike
0-1: Swinging Strike
0-2: Ball
1-2: Ball
2-2: Strikes out swinging
Batting: RHB Khalil Coleman 0-0: Ball
1-0: Ball
2-0: Called Strike
2-1: Foul Ball, location: 2F
2-2: SINGLE (Flyball, 5D, EV 93.8 MPH) - OUT at second base trying to stretch hit.
Batting: RHB Mike Sebastian 0-0: Called Strike
0-1: Foul Ball, location: 2F
0-2: Ball
1-2: Ball
2-2: Strikes out swinging
Top of the 3rd over - 0 runs, 1 hit, 0 errors, 0 left on base; West Michigan 0 - Greenville 0
BOTTOM OF THE 3RD
Greenville Drive batting - Pitching for West Michigan Whitecaps : RHP Eddie Hodgson
Batting: RHB Ted Emmerich 0-0: Called Strike
0-1: Swinging Strike
0-2: Foul Ball, location: 2F
0-2: Ball
1-2: Fly out, F7 (Flyball, 7, EV 95.0 MPH)
Batting: RHB Joel Vazquez 0-0: Ball
1-0: Called Strike
1-1: Ball
2-1: Fly out, F7 (Flyball, 78M, EV 90.6 MPH)
Batting: LHB Nelis Geurts 0-0: Called Strike
0-1: Ball
1-1: SINGLE (Flyball, 6D, EV 88.8 MPH)
Batting: RHB David Norum 0-0: Ball
1-0: Ball
2-0: Swinging Strike
2-1: Foul Ball, location: 2F
2-2: Ground out 4-3 (Groundball, 34, EV 87.5 MPH)
Bottom of the 3rd over - 0 runs, 1 hit, 0 errors, 1 left on base; West Michigan 0 - Greenville 0
TOP OF THE 4TH
West Michigan Whitecaps batting - Pitching for Greenville Drive : RHP Cody Humphries
Batting: RHB Tony Nunez 0-0: Ball
1-0: Ball
2-0: Called Strike
2-1: Called Strike
2-2: Foul Ball, location: 2F
2-2: Ground out U3 (Groundball, 34S, EV 84.4 MPH)
Batting: RHB Jon Goldstein 0-0: Ball
1-0: Called Strike
1-1: Ball
2-1: Ball
3-1: Called Strike
3-2: Base on Balls
Batting: LHB George Moran 0-0: Called Strike
0-1: Fielders Choice at 2nd, 4-6 (Groundball, 4, EV 78.8 MPH)
Batting: SHB Willie Medina 0-0: Called Strike
0-1: Called Strike
0-2: Strikes out looking
Top of the 4th over - 0 runs, 0 hits, 0 errors, 1 left on base; West Michigan 0 - Greenville 0
BOTTOM OF THE 4TH
Greenville Drive batting - Pitching for West Michigan Whitecaps : RHP Eddie Hodgson
Batting: RHB Larry Brocato 0-0: Ball
1-0: Ball
2-0: Ball
3-0: Foul Ball, location: 2F
3-1: Swinging Strike
3-2: Strikes out swinging
Batting: SHB Carter Cromsie 0-0: Ball
1-0: Ball
2-0: Swinging Strike
2-1: Called Strike
2-2: Foul Ball, location: 2F
2-2: Strikes out swinging
Batting: RHB Andy Garvin 0-0: Ball
1-0: Called Strike
1-1: Ball
2-1: Foul Ball, location: 2F
2-2: Strikes out swinging
Bottom of the 4th over - 0 runs, 0 hits, 0 errors, 0 left on base; West Michigan 0 - Greenville 0
TOP OF THE 5TH
West Michigan Whitecaps batting - Pitching for Greenville Drive : RHP Cody Humphries
Batting: LHB Brad Gaskill 0-0: Called Strike
0-1: Swinging Strike
0-2: Foul Ball, location: 2F
0-2: Ball
1-2: Strikes out looking
Batting: LHB Dave Carlisle 0-0: Ball
1-0: Called Strike
1-1: Ball
2-1: Swinging Strike
2-2: Ball
3-2: Base on Balls
Batting: LHB Steve Herrera 0-0: Called Strike
Dave Carlisle steals 2nd base
0-1: Ball
1-1: Called Strike
1-2: Fly out, F8 (Flyball, 89M, EV 86.2 MPH)
Batting: RHB Khalil Coleman 0-0: Called Strike
0-1: Ball
1-1: Swinging Strike
1-2: Strikes out looking
Top of the 5th over - 0 runs, 0 hits, 0 errors, 1 left on base; West Michigan 0 - Greenville 0
BOTTOM OF THE 5TH
Greenville Drive batting - Pitching for West Michigan Whitecaps : RHP Eddie Hodgson
Batting: RHB Joe Sandoval 0-0: Called Strike
0-1: Called Strike
0-2: Ball
1-2: SINGLE (Groundball, 6MD, EV 106.9 MPH)
Batting: RHB Josh Helman 0-0: Fly out, F9 (Flyball, 9, EV 95.0 MPH)
Batting: RHB Ted Emmerich 0-0: Called Strike
0-1: Grounds into double play, 2-4-3 (Groundball, 2L, EV 66.9 MPH)
Bottom of the 5th over - 0 runs, 1 hit, 0 errors, 0 left on base; West Michigan 0 - Greenville 0
TOP OF THE 6TH
West Michigan Whitecaps batting - Pitching for Greenville Drive : RHP Cody Humphries
Batting: RHB Mike Sebastian 0-0: Ball
1-0: SINGLE (Line Drive, 6M, EV 95.6 MPH)
Batting: RHB Tony Nunez 0-0: Ball
Mike Sebastian steals 2nd base
1-0: Ground out 3-1 (Groundball, 34S, EV 87.5 MPH)
Mike Sebastian to third
Batting: RHB Jon Goldstein 0-0: Ball
1-0: Called Strike
1-1: Swinging Strike
1-2: Ball
2-2: Foul Ball, location: 2F
2-2: Fly out, F9 (Line Drive, 9S, EV 100.6 MPH)
Pitching: RHP Tim Stewart
Batting: LHB George Moran 0-0: Swinging Strike
0-1: Foul Ball, location: 2F
0-2: Foul Ball, location: 2F
0-2: Strikes out swinging
Top of the 6th over - 0 runs, 1 hit, 0 errors, 1 left on base; West Michigan 0 - Greenville 0
BOTTOM OF THE 6TH
Greenville Drive batting - Pitching for West Michigan Whitecaps : RHP Eddie Hodgson
Batting: RHB Joel Vazquez 0-0: Ball
1-0: Ground out 6-3 (Groundball, 6, EV 105.6 MPH)
Batting: LHB Nelis Geurts 0-0: Ball
1-0: Ball
2-0: Called Strike
2-1: Ball
3-1: Base on Balls
Batting: RHB David Norum 0-0: Ball
Nelis Geurts steals 2nd base (no throw)
1-0: Swinging Strike
1-1: Swinging Strike
1-2: Strikes out swinging
Batting: RHB Larry Brocato 0-0: Called Strike
0-1: Fly out, F7 (Flyball, 7LM, EV 85.0 MPH)
Bottom of the 6th over - 0 runs, 0 hits, 0 errors, 1 left on base; West Michigan 0 - Greenville 0
TOP OF THE 7TH
West Michigan Whitecaps batting - Pitching for Greenville Drive : RHP Tim Stewart
Batting: SHB Willie Medina 0-0: Ball
1-0: Ball
2-0: Called Strike
2-1: Fly out, F8 (Flyball, 8LS, EV 85.0 MPH)
Pitching: LHP Mark Palomo
Batting: LHB Brad Gaskill 0-0: Ball
1-0: DOUBLE (Flyball, 8LXD, EV 91.2 MPH)
Batting: LHB Dave Carlisle 0-0: SINGLE (Groundball, 4D, EV 96.9 MPH)
Brad Gaskill to third
Pinch Hitting: RHB Jayden Copeland 0-0: Ball
1-0: Foul Ball, location: 2F
1-1: Called Strike
1-2: Ball
2-2: Ball
3-2: Foul Ball, location: 2F
3-2: Fielders Choice at 2nd, 1-4 (Groundball, P, EV 73.1 MPH)
Batting: RHB Khalil Coleman 0-0: Ball
Wild Pitch!
Brad Gaskill scores
Jayden Copeland to second
1-0: Called Strike
1-1: Foul Ball, location: 2F
1-2: Ball
2-2: Reached on error, E6 (Groundball, 6, EV 80.0 MPH)
Jayden Copeland to third
Batting: RHB Mike Sebastian 0-0: Foul Ball, location: 2F
0-1: Ball
1-1: Ball
2-1: Foul Ball, location: 2F
2-2: Foul Ball, location: 2F
2-2: Ball
3-2: Base on Balls
Khalil Coleman to second
Batting: RHB Tony Nunez 0-0: Called Strike
0-1: Called Strike
0-2: Hit by Pitch
Jayden Copeland scores
Khalil Coleman to third
Mike Sebastian to second
Batting: RHB Jon Goldstein 0-0: Foul Ball, location: 2F
0-1: Ball
1-1: Swinging Strike
1-2: Ball
2-2: Foul Ball, location: 2F
2-2: Foul Ball, location: 2F
2-2: Ball
3-2: Base on Balls
Khalil Coleman scores
Mike Sebastian to third
Tony Nunez to second
Pitching: RHP Eddie Mosley
Batting: LHB George Moran 0-0: Fly out, F8 (Flyball, 78M, EV 98.1 MPH)
Top of the 7th over - 3 runs, 2 hits, 1 error, 3 left on base; West Michigan 3 - Greenville 0
BOTTOM OF THE 7TH
Greenville Drive batting - Pitching for West Michigan Whitecaps : RHP Eddie Hodgson
Pitching: RHP Nate Mull
Now in RF: Joe Zimmerman
Batting: SHB Carter Cromsie 0-0: Fly out, F7 (Line Drive, 7D, EV 93.1 MPH)
Batting: RHB Andy Garvin 0-0: Ball
1-0: Fly out, F9 (Flyball, 9D, EV 85.0 MPH)
Batting: RHB Joe Sandoval 0-0: Called Strike
0-1: Fly out, F7 (Flyball, 78D, EV 89.4 MPH)
Bottom of the 7th over - 0 runs, 0 hits, 0 errors, 0 left on base; West Michigan 3 - Greenville 0
TOP OF THE 8TH
West Michigan Whitecaps batting - Pitching for Greenville Drive : RHP Eddie Mosley
Batting: SHB Willie Medina 0-0: Ball
1-0: DOUBLE (Groundball, 5D, EV 104.4 MPH)
Batting: LHB Brad Gaskill 0-0: Called Strike
0-1: Foul Ball, location: 2F
0-2: Foul Ball, location: 2F
0-2: Ball
1-2: Strikes out swinging
Batting: LHB Dave Carlisle 0-0: Called Strike
0-1: Ball
1-1: Ball
2-1: Ball
3-1: Swinging Strike
3-2: DOUBLE (Line Drive, 89M, EV 112.5 MPH)
Willie Medina scores
Batting: RHB Joe Zimmerman 0-0: Swinging Strike
0-1: Called Strike
0-2: Foul Ball, location: 2F
0-2: Strikes out swinging
Batting: RHB Khalil Coleman 0-0: Called Strike
0-1: Ball
1-1: Ball
2-1: Foul Ball, location: 2F
2-2: Ball
3-2: Base on Balls
Pitching: RHP Wing-chiu Ya
Batting: RHB Mike Sebastian 0-0: Called Strike
0-1: Called Strike
0-2: Ball
1-2: Foul Ball, location: 2F
1-2: Ball
2-2: SINGLE (Groundball, 6MD, EV 103.1 MPH)
Dave Carlisle to third
Khalil Coleman to second
Runner from 3rd tries for Home, SAFE, throw by CF to home
Batting: RHB Tony Nunez 0-0: DOUBLE (Line Drive, 89D, EV 105.6 MPH)
Khalil Coleman scores
Mike Sebastian to third
Runner from 3rd tries for Home, SAFE, throw by CF to home
Batting: RHB Jon Goldstein 0-0: SINGLE (Line Drive, 8LS, EV 89.4 MPH)
Tony Nunez to third
Runner from 3rd tries for Home, throw by CF and OUT! 8-2
Top of the 8th over - 4 runs, 5 hits, 0 errors, 1 left on base; West Michigan 7 - Greenville 0
BOTTOM OF THE 8TH
Greenville Drive batting - Pitching for West Michigan Whitecaps : RHP Nate Mull
Batting: RHB Josh Helman 0-0: Ball
1-0: Swinging Strike
1-1: Ball
2-1: Ball
3-1: Called Strike
3-2: Base on Balls
Pinch Hitting: LHB John Criswell 0-0: Swinging Strike
0-1: Ball
1-1: Ball
2-1: Ball
3-1: SINGLE (Groundball, 4, EV 106.9 MPH)
Josh Helman to second
Batting: RHB Joel Vazquez 0-0: Called Strike
0-1: Ball
1-1: Ball
2-1: Foul Ball, location: 2F
2-2: Ball
3-2: Strikes out swinging
Batting: LHB Nelis Geurts 0-0: Called Strike
0-1: Ball
1-1: Ball
2-1: Called Strike
2-2: Ball
3-2: DOUBLE (Line Drive, 78D, EV 105.0 MPH)
Josh Helman scores
John Criswell to third
Batting: RHB David Norum 0-0: Ground out U3 (Groundball, 34, EV 99.4 MPH)
John Criswell scores
Nelis Geurts to third
Pitching: RHP Jorge Castaneda
Batting: RHB Larry Brocato 0-0: DOUBLE (Flyball, 8RXD, EV 93.1 MPH)
Nelis Geurts scores
Batting: SHB Carter Cromsie 0-0: Ball
1-0: Fly out, F8 (Flyball, 8LXD, EV 89.4 MPH)
Bottom of the 8th over - 3 runs, 3 hits, 0 errors, 1 left on base; West Michigan 7 - Greenville 3
TOP OF THE 9TH
West Michigan Whitecaps batting - Pitching for Greenville Drive : RHP Wing-chiu Ya
Pitching: LHP Chris Deans
Now in CF: Nick Spiller
Batting: LHB George Moran 0-0: Ball
1-0: Ground out 4-3 (Groundball, 4, EV 76.9 MPH)
Batting: SHB Willie Medina 0-0: Foul Ball, location: 2F
0-1: Called Strike
0-2: Strikes out looking
Batting: LHB Brad Gaskill 0-0: Called Strike
0-1: Called Strike
0-2: Ball
1-2: Ball
2-2: Strikes out swinging
Top of the 9th over - 0 runs, 0 hits, 0 errors, 0 left on base; West Michigan 7 - Greenville 3
BOTTOM OF THE 9TH
Greenville Drive batting - Pitching for West Michigan Whitecaps : RHP Jorge Castaneda
Batting: RHB Andy Garvin 0-0: Ball
1-0: Ball
2-0: Ball
3-0: Called Strike
3-1: Foul Ball, location: 2F
3-2: Base on Balls
Batting: RHB Joe Sandoval 0-0: Foul Ball, location: 2F
0-1: Ball
1-1: Fly out, F9 (Flyball, 9D, EV 96.2 MPH)
Batting: RHB Josh Helman 0-0: Called Strike
0-1: DOUBLE (Groundball, 5L, EV 103.1 MPH)
Andy Garvin to third
Pitching: RHP Jerome Stady
Batting: RHB Nick Spiller 0-0: Called Strike
0-1: Called Strike
0-2: Strikes out swinging
Pinch Hitting: LHB Danny Montoya 0-0: Called Strike
0-1: Ball
1-1: Fly out, F8 (Flyball, 78M, EV 91.2 MPH)
Bottom of the 9th over - 0 runs, 1 hit, 0 errors, 2 left on base; West Michigan 7 - Greenville 3
Tuesday, September 13th , 2022 - OOTP Baseball 23.7 Build 88